AoeStats
← ikbendom

Nomad

509373377Analyzed
2v2 RM · 6d ago on Sep 26, 2026· 30m 25s· 4 players
Game mode
Random Map
Map size
176×176
Population
200
Speed
Normal
Resources
Standard
Victory
Conquest
Starting age
Dark Age
Ending age
Imperial Age
RankedLock teamsTeams togetherTeam positionsShared explorationLock speedFull tech treeHidden civsTurbo modeCheats
Victory
Defeat
🇨🇳 Persians · China
984
+18
🇨🇳 Khmer · China
964
+18
🇹🇷 Burgundians · Türkiye
1033
-19
🇳🇱 Koreans · Netherlands
1000
-51
MeipuCha
3:43 Loom
15:29 Feudal Age
17:04 Double-Bit Axe
17:58 Gold Mining
18:26 Fishing Lines
18:42 Stone Mining
19:21 Forging
21:27 Castle Age
21:39 Fletching
23:12 Wheelbarrow
22:24 Town Watch
28:41 Ballistics
28:17 Murder Holes
QQmiemie
8:38 Loom
19:04 Feudal Age
19:59 Double-Bit Axe
20:22 Gold Mining
20:35 Stone Mining
23:45 Castle Age
23:42 Forging
25:06 Wheelbarrow
24:17 Town Watch
26:28 Bow Saw
28:12 Hand Cart
buraktan86
3:26 Loom
11:44 Double-Bit Axe
12:56 Fishing Lines
18:37 Feudal Age
18:31 Gold Mining
18:34 Stone Mining
19:37 Gillnets
19:45 Gillnets
20:32 Bow Saw
22:16 Stone Shaft Mining
24:40 Castle Age
25:21 Gold Shaft Mining
26:12 Wheelbarrow
25:56 Husbandry
28:35 Forging
28:31 Scale Barding Armor
28:17 Fletching
29:25 Medium Warships
ikbendom
8:26 Loom
14:27 Feudal Age
15:17 Double-Bit Axe
15:19 Horse Collar
17:28 Wheelbarrow
19:30 Gold Mining
19:39 Stone Mining
22:20 Castle Age
20:36 Fletching
Connection lost

Rejoining the realm…

Still unreachable

The connection could not be restored.

Session expired

The server has moved on; the page needs a fresh start.